 Dungeon Crawl Stone Soup version 0.30-a0-364-gf6b3ef1049 (webtiles) character file.

Game seed: 9308053218488891634

599 retardedninja the Trooper (level 7, -1/62 HPs)
             Began as a Hill Orc Fighter on Nov 15, 2022.
             Killed from afar by Dowan (17 damage)
             ... with a stone arrow
             ... on level 4 of the Dungeon.
             The game lasted 00:04:15 (4051 turns).

retardedninja the Trooper (Hill Orc Fighter)        Turns: 4051, Time: 00:04:16

Health: -1/62      AC: 10    Str: 21    XL:     7   Next: 41%
Magic:  7/7        EV:  8    Int:  8    God:
Gold:   178        SH:  8    Dex: 10    Spells: 6/6 levels left

rFire   . . .      SeeInvis .    a - +0 war axe
rCold   . . .      Faith    .    p - +0 kite shield
rNeg    . . .      Spirit   .    b - +0 scale mail
rPois   .          Reflect  .    (no helmet)
rElec   .          Harm     .    (no cloak)
rCorr   .          Rampage  .    s - +2 pair of gloves
Will    .....                    (no boots)
Stlth   ..........               (no amulet)
HPRegen 0.30/turn                (no ring)
MPRegen 0.10/turn                (no ring)

@: no status effects
A: no striking features
a: no special abilities


You were on level 4 of the Dungeon.
You visited 1 branch of the dungeon, and saw 4 of its levels.

You collected 178 gold pieces.

Inventory:

Hand Weapons
 a - a +0 war axe (weapon)
Missiles
 q - a throwing net (quivered)
Armour
 b - a +0 scale mail (worn)
 p - a +0 kite shield (worn)
 s - a +2 pair of gloves (worn)
Scrolls
 c - 2 scrolls of silence {unknown}
 e - 8 scrolls of identify {unknown}
 g - 2 scrolls of poison {unknown}
 h - 2 scrolls of fear {unknown}
 k - a scroll of butterflies {unknown}
 l - a scroll of immolation {unknown}
 m - a scroll of summoning {unknown}
 n - a scroll of enchant armour {unknown}
 o - 2 scrolls of magic mapping {unknown}
 t - a scroll of brand weapon {unknown}
 u - 2 scrolls of blinking {unknown}
 v - a scroll of teleportation {unknown}
 w - a scroll of amnesia {unknown}
Potions
 d - 3 potions of might
 f - a potion of invisibility {unknown}
 i - a potion of ambrosia
 j - a potion of resistance {unknown}
 r - a potion of curing {unknown}


   Skills:
 + Level 5.8 Fighting
 + Level 5.7 Axes
 + Level 5.3 Armour
 + Level 5.3 Shields


You had 6 spell levels left.
You didn't know any spells.
Your spell library contained the following spells:

 Spells                   Type           Power      Damage    Failure   Level
 Ensorcelled Hibernation  Hex/Ice        0%         N/A       99%         2
 Ignite Poison            Fire/Tmut/Pois 0%         N/A       100%        3
 Kindle Blastsparks       Fire/Tloc/Air  0%         2d10      100%        3
 Spider Form              Tmut/Pois      0%         N/A       100%        3
 Anguish                  Hex/Necr       0%         N/A       100%        4
 Freezing Cloud           Conj/Ice/Air   0%         6-21      100%        5


Dungeon Overview and Level Annotations

Branches:
Dungeon (4/15)
 Temple: D:4-7

Altars:
Makhleb

Annotations:
D:4 Dowan


Message History

You block Dowan's attack. Dowan casts a spell at you.
The shard of ice hits you!
You are too injured to fight recklessly!
You are too injured to fight recklessly!
You are too injured to fight recklessly!
You are too injured to fight recklessly!
You are too injured to fight recklessly!
You are too injured to fight recklessly!
You are too injured to fight recklessly!
You are too injured to fight recklessly!
You are too injured to fight recklessly!
You are too injured to fight recklessly!
You closely miss Dowan.
Dowan is severely wounded.
Dowan closely misses you. You block Dowan's attack.
Dowan hits you with a +0 dagger.
You barely miss Dowan.
Dowan is severely wounded.
Dowan closely misses you. Dowan casts a spell at you.
The stone arrow misses you.
You miss Dowan.
Dowan is severely wounded.
You block Dowan's attack.
Dowan breathes, "And she was my only..."
Dowan closely misses you.
You completely miss Dowan.
Dowan is severely wounded.
You block Dowan's attack. Dowan barely misses you.
You barely miss Dowan.
Dowan is severely wounded.
Dowan hits you with a +0 dagger. x2
* * * LOW HITPOINT WARNING * * *
You closely miss Dowan.
Dowan is severely wounded.
Dowan barely misses you. Dowan casts a spell at you. The stone arrow hits you!
You die...

#...... #...... .
##..... .. ##.... ...
##... ... #... ...
#... #.#.####### #...
#...e@....# ####.^.
##........## #......
#......)..#####.##...
#....................
#####.#...###........
#.#..............
..................
......[.......>....
...................


You could see Dowan (fast).

Vanquished Creatures
  Duvessa (D:4)
  2 scorpions (D:4)
  A necrophage (D:4)
  A hound (D:4)
  2 iguanas (D:4)
  2 orc wizards
  5 gnolls
  5 adders
  A worm (D:2)
  A dart slug (D:3)
  11 orcs
  5 endoplasms
  7 giant cockroaches
  4 goblins
  5 hobgoblins
  3 jackals (D:3)
  4 quokkas
  8 ball pythons
  4 bats
  3 frilled lizards
  10 kobolds
  4 rats
89 creatures vanquished.

Vanquished Creatures (others)
  16 plants (D:1)
16 creatures vanquished.

Grand Total: 105 creatures vanquished

Notes
Turn   | Place    | Note
-------+----------+-------------------------------------------
     0 | D:1      | retardedninja the Hill Orc Fighter began the quest for the
                  | Orb.
     0 | D:1      | Reached XP level 1. HP: 19/19 MP: 1/1
   141 | D:1      | Reached XP level 2. HP: 27/27 MP: 2/2
   360 | D:1      | Found a faded altar of an unknown god.
   953 | D:2      | Reached XP level 3. HP: 27/33 MP: 3/3
  1999 | D:3      | Reached XP level 4. HP: 40/40 MP: 4/4
  2508 | D:3      | Reached XP level 5. HP: 28/47 MP: 5/5
  2930 | D:3      | Found a burning altar of Makhleb.
  3501 | D:4      | Reached skill level 5 in Fighting
  3501 | D:4      | Reached XP level 6. HP: 56/56 MP: 6/6
  3513 | D:4      | Reached skill level 5 in Axes
  3647 | D:4      | Reached skill level 5 in Armour
  3647 | D:4      | Reached skill level 5 in Shields
  3647 | D:4      | Reached XP level 7. HP: 37/61 MP: 7/7
  4001 | D:4      | Noticed Duvessa
  4034 | D:4      | Killed Duvessa
  4034 | D:4      | Noticed Dowan
  4051 | D:4      | Killed from afar by Dowan

Illustrated notes

Levels and vault maps discovered:
D:1:      dpeg_arrival_castle, layout_basic, ebering_ecumenical_altar_hall,
          serial_bayou_lagoon_a, nicolae_titane
D:2:      layout_basic, minmay_fractal_squares_5
D:3:      layout_loops_ring, nicolae_overflow_hidden_temple,
          hangedman_feature_mirror
D:4:      layout_rooms, uniq_duvessa

Skill      XL: |  1  2  3  4  5  6 |
---------------+-------------------+-----
Axes           | 3 4 5 |  5.7
Fighting       | 4 5 |  5.8
Shields        | 4 5 |  5.3
Armour         | 4 5 |  5.3

Action                   |  1- 3 |  4- 6 |  7- 9 || total
-------------------------+-------+-------+-------++-------
Melee: War axe           |   138 |   133 |    59 ||   330
  Use: Potion            |       |       |     1 ||     1
Armor: Scale mail        |    49 |    92 |    35 ||   176
Dodge: Dodged            |    66 |    42 |    21 ||   129
Block: Buckler           |    25 |       |       ||    25
       Kite shield       |    14 |    61 |    28 ||   103

Table legend: (Time is in decaauts)
 A = Elapsed time spent in this place.
 B = Non-inter-level travel time spent in this place.
 C = Inter-level travel time spent in this place.
 D = Time resting spent in this place.
 E = Time spent auto-exploring this place.
 F = Levels seen in this place.
 G = Mean time per level.
                   A        B        C        D        E       F      G
               +--------+--------+--------+--------+--------+-----+--------+
         Total |   4205 |   4065 |    140 |    856 |   2434 |   4 | 1051.2 |
       Dungeon |   4205 |   4065 |    140 |    856 |   2434 |   4 | 1051.2 |
               +--------+--------+--------+--------+--------+-----+--------+

Top non-repeatable levels by time:
     D:3: 1467 daAuts
     D:2: 1003 daAuts
     D:1: 993 daAuts
     D:4: 742 daAuts
